Map: Ascension to Aiur LE

Players

Misato

  • Race: Zerg Zerg
  • League: Diamond
  • Spawn Location: 11:00

IndyOBS - Winner!

  • Race: Terran Terran
  • Spawn Location: 5:00

VOD

Have the link to the VOD?

Description

Time

  • Played on: Dec. 16, 2017, 1:13 p.m.
  • Length: 15:32
Show
View Real Time Build Order
Export as new Build Order

Misato Zerg 

Build Orders: Hatch First, Zergling Baneling 

Get SALT Encoding   

  12  0:01  Drone  
  13  0:13  Overlord  
  13  0:17  Drone  
  14  0:31  Drone x2  
  14  0:35  Drone  
  17  0:52  Hatchery  
  17  0:56  Drone  
  17  0:59  Drone  
  17  1:02  Extractor  
  17  1:15  Spawning Pool  
  17  1:18  Drone  
  17  1:21  Drone  
  18  1:29  Drone  
  19  1:40  Overlord  
  19  2:02  Zergling x2  
  19  2:03  Queen, Metabolic Boost, Zergling x2  
  19  2:07  Queen  
  25  2:13  Drone  
  25  2:14  Drone  
  27  2:20  Drone  
  28  2:24  Drone  
  28  2:27  Drone  
  30  2:41  Overlord, Drone  
  31  2:47  Queen  
  33  2:54  Baneling Nest, Drone x2  
  34  3:01  Drone x2  
  38  3:11  Drone x2  
  40  3:15  Pneumatized Carapace  
  38  3:28  Overlord  
  38  3:29  Drone  
  38  3:33  Drone x3  
  42  3:42  Hatchery  
  41  3:51  Overlord, Drone  
  41  3:54  Zergling x6  
  41  3:55  Zergling x4  
  47  3:58  Lair  
  47  4:00  Extractor  
  44  4:13  Overlord  
  44  4:15  Zergling x8  
  48  4:22  Drone  
  49  4:24  Evolution Chamber  
  48  4:31  Extractor  
  48  4:37  Zergling x4  
  48  4:38  Zergling x6  
  52  4:45  Zergling x2  
  53  4:49  Zergling x4  
  55  4:55  Baneling x5  
  55  4:56  Baneling x3  
  55  5:02  Queen x2  
  55  5:03  Drone  
  55  5:04  Drone x2  
  55  5:06  Zergling x6  
  65  5:17  Baneling x3  
  65  5:26  Queen  
  67  5:28  Drone  
  67  5:29  Drone x2  
  67  5:31  Drone x2  
  70  5:43  Drone x2  
  70  5:44  Drone x2  
  70  5:45  Overlord  
  70  5:46  Overlord  
  70  5:47  Overseer  
  74  5:55  Extractor  
  73  6:04  Zerg Missile Weapons Level 1, Hydralisk Den  
  71  6:24  Drone x3  
  75  6:25  Drone  
  75  6:26  Drone x11  
  86  6:34  Baneling  
  86  6:35  Baneling x3  
  86  6:36  Muscular Augments  
  86  6:42  Extractor x2  
  84  6:49  Overlord x3  
  84  6:53  Zergling x10  
  89  6:56  Hatchery  
  89  6:57  Zergling x2  
  88  7:19  Hydralisk  
  88  7:20  Hydralisk x8  
  106  7:39  Centrifugal Hooks  
  106  7:41  Evolution Chamber  
  105  7:58  Infestation Pit  
  104  8:05  Overlord x4  
  104  8:06  Overlord x2  
  91  8:44  Hatchery  
  91  8:46  Queen  
  91  8:48  Drone x3  
  95  8:53  Hatchery  
  94  8:57  Hydralisk x12, Hive  
  94  8:58  Hydralisk, Zergling x2  
  94  8:59  Zergling x16  
  130  9:10  Zergling x4  
  130  9:15  Zerg Missile Weapons Level 2  
  130  9:30  Overseer  
  129  9:36  Zerg Ground Armor Level 1  
  129  9:42  Drone  
  129  9:43  Drone x8  
  138  9:50  Baneling  
  138  9:51  Baneling x3  
  138  10:13  Drone x2, Ultralisk Cavern  
  139  10:15  Evolution Chamber  
  139  10:16  Drone x2  
  139  10:17  Drone  
  139  10:18  Drone  
  139  10:19  Drone x2  
  139  10:20  Extractor  
  139  10:21  Drone x4  
  146  10:22  Drone x4, Extractor  
  146  10:23  Overlord x2  
  146  10:25  Overseer x2  
  146  10:28  Baneling x3  
  150  10:29  Baneling x4  
  150  10:38  Hydralisk x7  
  150  10:42  Overlord x3  
  146  10:58  Hydralisk  
  146  10:59  Hydralisk x6  
  146  11:00  Zergling x8  
Show
View Real Time Build Order
Export as new Build Order

IndyOBS Terran - Winner!

Build Orders: Reaper Expand 

Get SALT Encoding   

  12  0:00  SCV  
  13  0:13  SCV  
  14  0:17  Supply Depot  
  14  0:25  SCV  
  15  0:38  SCV  
  15  0:39  Barracks  
  16  0:47  Refinery  
  16  0:50  SCV  
  17  1:03  SCV  
  18  1:15  SCV  
  19  1:28  Orbital Command  
  19  1:29  Reaper  
  20  1:44  Command Center  
  20  1:54  SCV  
  21  2:02  Barracks  
  21  2:07  SCV  
  21  2:08  Barracks Reactor  
  22  2:16  Supply Depot  
  22  2:19  SCV  
  22  2:21  Refinery  
  23  2:38  SCV  
  24  2:45  Factory  
  24  2:47  Marine  
  24  2:48  Marine  
  24  2:50  Barracks Tech Lab, SCV  
  27  2:57  Orbital Command  
  27  3:02  SCV  
  27  3:05  Marine x2  
  30  3:14  Marine, SCV  
  32  3:23  SCV  
  32  3:26  SCV  
  34  3:27  Marine x2  
  34  3:32  Marine, Stimpack  
  37  3:35  Starport  
  37  3:37  Factory Reactor  
  37  3:39  SCV  
  37  3:45  Marine x2  
  39  3:49  Marine  
  39  3:55  SCV x2, Supply Depot x2  
  42  4:02  Marine  
  42  4:03  Marine  
  42  4:07  Marine  
  42  4:08  SCV  
  46  4:17  SCV  
  47  4:19  Medivac x2  
  47  4:23  Marine x2  
  53  4:25  Marine, SCV  
  55  4:31  Factory Tech Lab  
  55  4:40  Supply Depot  
  55  4:41  Marine x2, SCV x2, Supply Depot  
  59  4:53  Marine  
  59  4:57  Medivac  
  62  5:00  Refinery  
  62  5:01  Marine x2, Refinery, SCV x2, Medivac  
  68  5:13  SCV x2  
  70  5:22  Marine, Command Center  
  70  5:23  Marine x2  
  70  5:27  Siege Tank  
  76  5:40  Marine x2  
  78  5:48  Supply Depot  
  78  5:49  Supply Depot  
  78  5:51  Supply Depot  
  78  5:52  Supply Depot  
  78  5:54  Marine, Medivac x2  
  83  5:58  Marine x2  
  83  6:03  Engineering Bay x2  
  85  6:05  SCV  
  85  6:09  SCV  
  87  6:12  Marine  
  87  6:14  Siege Tank  
  87  6:16  Marine x2  
  87  6:17  SCV  
  94  6:21  SCV  
  95  6:29  Marine, SCV  
  97  6:33  SCV  
  97  6:35  Terran Infantry Weapons Level 1, Terran Infantry Armor Level 1  
  98  6:40  Supply Depot x2  
  98  6:41  Supply Depot  
  98  6:42  SCV  
  99  6:47  Orbital Command  
  99  7:03  Marine x3  
  99  7:04  Siege Tank  
  99  7:05  Medivac x2  
  109  7:11  Orbital Command  
  109  7:21  Marine  
  110  7:28  Barracks x2  
  110  7:29  Barracks  
  110  7:30  Barracks  
  110  7:31  Barracks, SCV x2  
  110  7:36  Combat Shield  
  112  7:42  Armory  
  112  7:43  SCV x2  
  114  7:51  SCV  
  114  7:55  SCV x2  
  117  8:04  SCV  
  118  8:07  Marine x2  
  118  8:08  Marine, Siege Tank  
  118  8:09  Medivac x2  
  118  8:10  SCV x2  
  130  8:16  SCV  
  131  8:22  SCV  
  131  8:25  Marine  
  132  8:36  Sensor Tower  
  132  8:38  Refinery, SCV x3, Sensor Tower  
  132  8:39  Refinery  
  135  8:50  SCV, Barracks Reactor x5  
  135  8:52  Terran Infantry Weapons Level 2  
  135  8:54  Marine x3  
  139  9:00  SCV  
  139  9:01  SCV, Terran Infantry Armor Level 2  
  139  9:02  SCV  
  142  9:11  Siege Tank  
  142  9:12  Marine x3  
  142  9:15  Supply Depot  
  142  9:16  Supply Depot x2  
  142  9:17  Supply Depot  
  148  9:18  Supply Depot  
  147  9:28  Marine x10  
  157  9:36  Marine x3  
  160  9:41  Medivac x2  
  160  9:44  Siege Tank  
  167  9:46  Marine x5  
  167  9:48  Terran Vehicle Weapons Level 1  
  172  9:54  Marine x3  
  175  10:02  Bunker  
  175  10:06  Marine x3  
  175  10:07  Marine x7  
  178  10:12  Marine x3  
  188  10:16  Siege Tank  
  188  10:17  Command Center  
  191  10:24  Marine  
  192  10:35  Marine  
  192  10:36  Marine x4  
  197  10:52  Marine  
  197  10:53  Marine  
  197  10:54  Marine x6  
  176  11:02  Marine  
  176  11:03  Marine x4  
  160  11:10  Marine  
  160  11:11  Marine  
  155  11:12  Marine x6  
  160  11:20  Marine  
  160  11:21  Marine x4  
  160  11:26  Medivac x2  
  160  11:28  Marine x2  
  160  11:29  Marine x2  
  160  11:32  Widow Mine  
  160  12:00  Widow Mine  
  160  13:14  Marine x7  
  160  13:15  Marine x6  
  160  13:16  Siege Tank  
  160  13:17  Medivac x2  
  160  13:32  Marine x3  
Tags
 
Add a new tag
Caveats
  • Supply blocks, unpowered buildings, or Contaminate may cause inaccurate times.
  • Supply counts are checked every 10 seconds.